PIO (24 & UNDER)
CHULA VISTA TACOS @ EAU CLAIRE ESQUIRES
05/16/2025
 
TOP OF THE 1ST
Chula Vista Tacos batting - Pitching for Eau Claire Esquires : RHP Domingo León
Pitching: RHP Domingo León
Batting: RHB Ricardo Guzmán 0-0: Ground out 6-3 (Groundball, 6)
Batting: RHB John Nelson 0-0: Called Strike
0-1: Ball
1-1: Foul Ball, location: 2F
1-2: Foul Ball, location: 2F
1-2: Fly out, F9 (Flyball, 89M)
Batting: LHB Ray Bryant 0-0: Ground out 2-3 (Groundball, 2L)
Top of the 1st over - 0 run(s), 0 hit(s), 0 error(s), 0 left on base; Chula Vista 0 - Eau Claire 0
BOTTOM OF THE 1ST
Eau Claire Esquires batting - Pitching for Chula Vista Tacos : RHP Carlos Trujillo
Pitching: RHP Carlos Trujillo
Batting: LHB John Frost 0-0: Foul Ball, location: 2F
0-1: Ball
1-1: Ground out 4-3 (Groundball, 4)
Batting: LHB Jesús Bueno 0-0: Foul Ball, location: 2F
0-1: Hit by Pitch
Batting: SHB António De La Cruz 0-0: Called Strike
0-1: Ball
1-1: Ball
2-1: Foul Ball, location: 2F
2-2: Ball
3-2: Base on Balls
Jesús Bueno to second
Batting: RHB Félix Gonzáles 0-0: Swinging Strike
0-1: Ball
1-1: Foul Ball, location: 2F
1-2: Ball
2-2: Ball
3-2: Strikes out looking
Batting: RHB Michael Thomas 0-0: Ball
1-0: Ball
2-0: Fly out, F6 (Line Drive, 6)
Bottom of the 1st over - 0 run(s), 0 hit(s), 0 error(s), 2 left on base; Chula Vista 0 - Eau Claire 0
TOP OF THE 2ND
Chula Vista Tacos batting - Pitching for Eau Claire Esquires : RHP Domingo León
Batting: SHB Chris Woods 0-0: Ball
1-0: Swinging Strike
1-1: Foul Ball, location: 2F
1-2: Strikes out swinging
Batting: SHB Walt Rodgers 0-0: SINGLE (Popup, 56D)
Batting: LHB Joe Baker 0-0: Called Strike
0-1: Foul Ball, location: 2F
0-2: Ball
1-2: Ball
2-2: Fielders Choice at 2nd, 1-4 (Groundball, 15)
Batting: SHB Michael Aisher 0-0: Called Strike
0-1: Ball
1-1: Fly out, F8 (Flyball, 8LM)
Top of the 2nd over - 0 run(s), 1 hit(s), 0 error(s), 1 left on base; Chula Vista 0 - Eau Claire 0
BOTTOM OF THE 2ND
Eau Claire Esquires batting - Pitching for Chula Vista Tacos : RHP Carlos Trujillo
Batting: SHB Manuel Hegnauer 0-0: Called Strike
0-1: Called Strike
0-2: Strikes out looking
Batting: RHB José Ruíz 0-0: Ball
1-0: Ball
2-0: Ball
3-0: Base on Balls
Batting: RHB Nelson Castro 0-0: Called Strike
0-1: Ball
1-1: Ball
2-1: Foul Ball, location: 2F
2-2: Ball
3-2: Base on Balls
José Ruíz to second
Batting: RHB Esteban Lara 0-0: Ball
1-0: Swinging Strike
1-1: Fly out, F2 (Popup, 2RF)
Batting: LHB John Frost 0-0: Called Strike
0-1: Foul Ball, location: 2F
0-2: Foul Ball, location: 2F
0-2: Ball
1-2: Foul Ball, location: 2F
1-2: Ball
2-2: Ball
3-2: Foul Ball, location: 2F
3-2: Fly out, F9 (Flyball, 9M)
Bottom of the 2nd over - 0 run(s), 0 hit(s), 0 error(s), 2 left on base; Chula Vista 0 - Eau Claire 0
TOP OF THE 3RD
Chula Vista Tacos batting - Pitching for Eau Claire Esquires : RHP Domingo León
Batting: RHB Ryan Cates 0-0: Ball
1-0: Called Strike
1-1: Ball
2-1: Foul Ball, location: 2F
2-2: Strikes out swinging
Batting: RHB Manny Torrez 0-0: Ball
1-0: Ball
2-0: Called Strike
2-1: Ball
3-1: Base on Balls
Batting: RHB Ricardo Guzmán 0-0: DOUBLE (Line Drive, 7LM)
Manny Torrez to third
Batting: RHB John Nelson 0-0: Foul Ball, location: 2F
0-1: Foul Ball, location: 2F
0-2: Foul Ball, location: 2F
0-2: Foul Ball, location: 2F
0-2: Strikes out swinging
Batting: LHB Ray Bryant 0-0: Ball
1-0: SINGLE (Line Drive, 4D)
Manny Torrez scores
Ricardo Guzmán to third
Runner from 3rd tries for Home, SAFE, no throw or cutoff
Batting: SHB Chris Woods 0-0: Called Strike
0-1: Called Strike
0-2: Ball
1-2: Foul Ball, location: 2F
1-2: Strikes out looking
Top of the 3rd over - 2 run(s), 2 hit(s), 0 error(s), 1 left on base; Chula Vista 2 - Eau Claire 0
BOTTOM OF THE 3RD
Eau Claire Esquires batting - Pitching for Chula Vista Tacos : RHP Carlos Trujillo
Batting: LHB Jesús Bueno 0-0: Ball
1-0: Fly out, F7 (Flyball, 78XD)
Batting: SHB António De La Cruz 0-0: Ball
1-0: Called Strike
1-1: Swinging Strike
1-2: Ball
2-2: Fly out, F8 (Line Drive, 8LM)
Batting: RHB Félix Gonzáles 0-0: Foul Ball, location: 2F
0-1: Called Strike
0-2: Ball
1-2: Ball
2-2: Ball
3-2: Base on Balls
Batting: RHB Michael Thomas 0-0: Foul Ball, location: 2F
0-1: Foul Ball, location: 2F
0-2: Hit by Pitch
Félix Gonzáles to second
Batting: SHB Manuel Hegnauer 0-0: Ground out 1-3 (Groundball, 13S)
Bottom of the 3rd over - 0 run(s), 0 hit(s), 0 error(s), 2 left on base; Chula Vista 2 - Eau Claire 0
TOP OF THE 4TH
Chula Vista Tacos batting - Pitching for Eau Claire Esquires : RHP Domingo León
Batting: SHB Walt Rodgers 0-0: Called Strike
0-1: Ball
1-1: Called Strike
1-2: Strikes out looking
Batting: LHB Joe Baker 0-0: Called Strike
0-1: Ball
1-1: SINGLE (Groundball, 56)
Batting: SHB Michael Aisher 0-0: Called Strike
Joe Baker steals 2nd base
0-1: Foul Ball, location: 2F
0-2: Strikes out looking
Batting: RHB Ryan Cates 0-0: Ball
1-0: Ball
2-0: SINGLE (Groundball, 4MD)
Joe Baker to third
Runner from 3rd tries for Home, SAFE, no throw or cutoff
Batting: RHB Manny Torrez 0-0: Ball
1-0: Ball
Ryan Cates steals 2nd base
2-0: Ball
3-0: Base on Balls
Batting: RHB Ricardo Guzmán 0-0: Ball
1-0: Ball
2-0: Ball
3-0: Called Strike
3-1: Fly out, F7 (Flyball, 7M)
Top of the 4th over - 1 run(s), 2 hit(s), 0 error(s), 2 left on base; Chula Vista 3 - Eau Claire 0
BOTTOM OF THE 4TH
Eau Claire Esquires batting - Pitching for Chula Vista Tacos : RHP Carlos Trujillo
Batting: RHB José Ruíz 0-0: Called Strike
0-1: Ball
1-1: Swinging Strike
1-2: Strikes out swinging
Batting: RHB Nelson Castro 0-0: Called Strike
0-1: Foul Ball, location: 2F
0-2: Strikes out swinging
Batting: RHB Esteban Lara 0-0: Called Strike
0-1: Swinging Strike
0-2: Foul Ball, location: 2F
0-2: Foul Ball, location: 2F
0-2: Ball
1-2: Ball
2-2: Fly out, F7 (Flyball, 8LM)
Bottom of the 4th over - 0 run(s), 0 hit(s), 0 error(s), 0 left on base; Chula Vista 3 - Eau Claire 0
TOP OF THE 5TH
Chula Vista Tacos batting - Pitching for Eau Claire Esquires : RHP Domingo León
Batting: RHB John Nelson 0-0: Called Strike
0-1: Ball
1-1: Foul Ball, location: 2F
1-2: Ball
2-2: Ball
3-2: Ground out 5-3 (Groundball, 5L)
Batting: LHB Ray Bryant 0-0: Foul Ball, location: 2F
0-1: Ball
1-1: Ball
2-1: Called Strike
2-2: Foul Ball, location: 2F
2-2: DOUBLE (Line Drive, 9LM)
Batting: SHB Chris Woods 0-0: Called Strike
0-1: Ball
1-1: DOUBLE (Flyball, 89XD)
Ray Bryant scores
Batting: SHB Walt Rodgers 0-0: Ball
1-0: Ball
2-0: Ball
3-0: Base on Balls
Batting: LHB Joe Baker 0-0: Foul Ball, location: 2F
0-1: DOUBLE (Flyball, 7LM)
Chris Woods scores
Walt Rodgers to third
Pitching: LHP Tim Davidson
Batting: SHB Michael Aisher 0-0: Foul Ball, location: 2F
0-1: Ball
1-1: Swinging Strike
1-2: Foul Ball, location: 2F
1-2: Strikes out swinging
Batting: RHB Ryan Cates 0-0: Swinging Strike
0-1: Fly out, F8 (Flyball, 8RM)
Top of the 5th over - 2 run(s), 3 hit(s), 0 error(s), 2 left on base; Chula Vista 5 - Eau Claire 0
BOTTOM OF THE 5TH
Eau Claire Esquires batting - Pitching for Chula Vista Tacos : RHP Carlos Trujillo
Batting: LHB John Frost 0-0: Ball
1-0: Ball
2-0: Called Strike
2-1: Ball
3-1: Foul Ball, location: 2F
3-2: Ground out 5-3 (Groundball, 56S)
Batting: LHB Jesús Bueno 0-0: Called Strike
0-1: Ball
1-1: Ball
2-1: Foul Ball, location: 2F
2-2: Foul Ball, location: 2F
2-2: Ball
3-2: SOLO HOME RUN (Line Drive, 9D), Distance : 368 ft
Pitching: LHP Jeff Minnich
Batting: SHB António De La Cruz 0-0: Foul Ball, location: 2F
0-1: Foul Ball, location: 2F
0-2: Strikes out looking
Batting: RHB Félix Gonzáles 0-0: Called Strike
0-1: Called Strike
0-2: Ball
1-2: Fly out, F8 (Line Drive, 8LD)
Bottom of the 5th over - 1 run(s), 1 hit(s), 0 error(s), 0 left on base; Chula Vista 5 - Eau Claire 1
TOP OF THE 6TH
Chula Vista Tacos batting - Pitching for Eau Claire Esquires : LHP Tim Davidson
Batting: RHB Manny Torrez 0-0: Foul Ball, location: 2F
0-1: Ball
1-1: Ball
2-1: SINGLE (Line Drive, 4MD)
Batting: RHB Ricardo Guzmán 0-0: Ball
Manny Torrez steals 2nd base
1-0: Ball
2-0: Called Strike
2-1: DOUBLE (Line Drive, 78M)
Manny Torrez scores
Batting: RHB John Nelson 0-0: Ball
Ricardo Guzmán steals 3rd base
1-0: Ball
2-0: Ball
3-0: Called Strike
3-1: Called Strike
3-2: Foul Ball, location: 2F
3-2: Base on Balls
Batting: LHB Ray Bryant 0-0: Called Strike
0-1: Fly out, F6 (Popup, 56D)
Batting: SHB Chris Woods 0-0: Called Strike
0-1: Ball
John Nelson steals 2nd base
1-1: Called Strike
1-2: Strikes out swinging
Batting: SHB Walt Rodgers 0-0: Ball
1-0: TRIPLE (Line Drive, 5L)
Ricardo Guzmán scores
John Nelson scores
Pitching: RHP Carlos González
Batting: LHB Joe Baker 0-0: Ball
1-0: Called Strike
1-1: Swinging Strike
1-2: Ball
2-2: DOUBLE (Line Drive, 7M)
Walt Rodgers scores
Batting: SHB Michael Aisher 0-0: Called Strike
0-1: Ball
1-1: Ball
2-1: Foul Ball, location: 2F
2-2: Ball
3-2: Ground out 1-3 (Groundball, 23)
Top of the 6th over - 4 run(s), 4 hit(s), 0 error(s), 1 left on base; Chula Vista 9 - Eau Claire 1
BOTTOM OF THE 6TH
Eau Claire Esquires batting - Pitching for Chula Vista Tacos : LHP Jeff Minnich
Batting: RHB Michael Thomas 0-0: Called Strike
0-1: Ball
1-1: Foul Ball, location: 2F
1-2: Strikes out looking
Batting: SHB Manuel Hegnauer 0-0: Ground out 4-3 (Groundball, 4)
Batting: RHB José Ruíz 0-0: Ball
1-0: Called Strike
1-1: Ball
2-1: SINGLE (Line Drive, 4MD)
Batting: RHB Nelson Castro 0-0: Called Strike
0-1: Swinging Strike
0-2: Ball
1-2: Foul Ball, location: 2F
1-2: Foul Ball, location: 2F
1-2: Ball
José Ruíz steals 2nd base
2-2: Ball
3-2: Base on Balls
Batting: RHB Esteban Lara 0-0: Ball
1-0: SINGLE (Groundball, 4D)
José Ruíz to third
Nelson Castro to second
Runner from 3rd tries for Home, SAFE, no throw or cutoff
Batting: LHB John Frost 0-0: Ball
1-0: Swinging Strike
1-1: Swinging Strike
1-2: Ball
2-2: Fly out, F5 (Popup, 56S)
Bottom of the 6th over - 1 run(s), 2 hit(s), 0 error(s), 2 left on base; Chula Vista 9 - Eau Claire 2
TOP OF THE 7TH
Chula Vista Tacos batting - Pitching for Eau Claire Esquires : RHP Carlos González
Batting: RHB Ryan Cates 0-0: Foul Ball, location: 2F
0-1: SINGLE (Flyball, 89S)
Batting: RHB Manny Torrez 0-0: Called Strike
0-1: Ball
1-1: Sac Bunt - play at first, batter OUT! 1-4
Ryan Cates to second
Batting: RHB Ricardo Guzmán 0-0: Ball
1-0: Foul Ball, location: 2F
1-1: Ball
2-1: Swinging Strike
2-2: Strikes out looking
Batting: RHB John Nelson 0-0: Ball
1-0: Called Strike
1-1: Foul Ball, location: 2F
1-2: Foul Ball, location: 2F
1-2: Strikes out swinging
Top of the 7th over - 0 run(s), 1 hit(s), 0 error(s), 1 left on base; Chula Vista 9 - Eau Claire 2
BOTTOM OF THE 7TH
Eau Claire Esquires batting - Pitching for Chula Vista Tacos : LHP Jeff Minnich
Now at 2B: Michael Myers
Batting: LHB Jesús Bueno 0-0: Called Strike
0-1: Foul Ball, location: 2F
0-2: Ball
1-2: Strikes out swinging
Pitching: LHP Luis Morales
Batting: SHB António De La Cruz 0-0: Fly out, F7 (Flyball, 7S)
Batting: RHB Félix Gonzáles 0-0: Called Strike
0-1: Foul Ball, location: 2F
0-2: Ball
1-2: Foul Ball, location: 2F
1-2: Strikes out swinging
Bottom of the 7th over - 0 run(s), 0 hit(s), 0 error(s), 0 left on base; Chula Vista 9 - Eau Claire 2
TOP OF THE 8TH
Chula Vista Tacos batting - Pitching for Eau Claire Esquires : RHP Carlos González
Batting: LHB Ray Bryant 0-0: Called Strike
0-1: Swinging Strike
0-2: Ball
1-2: Strikes out swinging
Batting: SHB Chris Woods 0-0: Ball
1-0: Called Strike
1-1: SOLO HOME RUN (Flyball, 9D), Distance : 363 ft
Batting: SHB Walt Rodgers 0-0: Called Strike
0-1: Called Strike
0-2: SINGLE (Flyball, 6MD)
Batting: LHB Joe Baker 0-0: Ball
1-0: Ball
2-0: Called Strike
2-1: Swinging Strike
2-2: Strikes out swinging
Batting: SHB Michael Aisher 0-0: Ball
1-0: Called Strike
Walt Rodgers steals 2nd base
1-1: Ball
2-1: Ball
3-1: Base on Balls
Batting: LHB Michael Myers 0-0: Ball
1-0: Foul Ball, location: 2F
1-1: Swinging Strike
1-2: Foul Ball, location: 2F
1-2: Ball
2-2: Strikes out looking
Top of the 8th over - 1 run(s), 2 hit(s), 0 error(s), 2 left on base; Chula Vista 10 - Eau Claire 2
BOTTOM OF THE 8TH
Eau Claire Esquires batting - Pitching for Chula Vista Tacos : LHP Luis Morales
Batting: RHB Michael Thomas 0-0: Called Strike
0-1: Fly out, F7 (Flyball, 7M)
Batting: SHB Manuel Hegnauer 0-0: Foul Ball, location: 2F
0-1: Foul Ball, location: 2F
0-2: Foul Ball, location: 2F
0-2: Ball
1-2: Foul Ball, location: 2F
1-2: Ground out 4-3 (Groundball, 4)
Batting: RHB José Ruíz 0-0: Called Strike
0-1: Foul Ball, location: 2F
0-2: Ball
1-2: Strikes out swinging
Bottom of the 8th over - 0 run(s), 0 hit(s), 0 error(s), 0 left on base; Chula Vista 10 - Eau Claire 2
TOP OF THE 9TH
Chula Vista Tacos batting - Pitching for Eau Claire Esquires : RHP Carlos González
Pitching: LHP Manuel Encarnación
Batting: RHB Manny Torrez 0-0: Ball
1-0: Foul Ball, location: 2F
1-1: TRIPLE (Flyball, 78M)
Batting: RHB Ricardo Guzmán 0-0: Ball
1-0: Ball
2-0: Ball
Balk!
Manny Torrez scores
3-0: Called Strike
3-1: Base on Balls
Batting: RHB John Nelson 0-0: Ball
1-0: Bunt - Flyout! F1
Batting: LHB Ray Bryant 0-0: Ball
Ricardo Guzmán is caught stealing 2nd base
1-0: Foul Ball, location: 2F
1-1: Swinging Strike
1-2: Foul Ball, location: 2F
1-2: Strikes out swinging
Top of the 9th over - 1 run(s), 1 hit(s), 0 error(s), 0 left on base; Chula Vista 11 - Eau Claire 2
BOTTOM OF THE 9TH
Eau Claire Esquires batting - Pitching for Chula Vista Tacos : LHP Luis Morales
Batting: RHB Nelson Castro 0-0: Called Strike
0-1: Ball
1-1: Ball
2-1: Swinging Strike
2-2: Foul Ball, location: 2F
2-2: Strikes out swinging
Batting: RHB Esteban Lara 0-0: Swinging Strike
0-1: Called Strike
0-2: Ball
1-2: Foul Ball, location: 2F
1-2: Ball
2-2: Strikes out swinging
Batting: LHB John Frost 0-0: Swinging Strike
0-1: Ball
1-1: Swinging Strike
1-2: Foul Ball, location: 2F
1-2: Ball
2-2: Ball
3-2: Base on Balls
Batting: LHB Jesús Bueno 0-0: 2-RUN HOME RUN (Flyball, 89XD), Distance : 361 ft
Batting: SHB António De La Cruz 0-0: Swinging Strike
0-1: Ball
1-1: Called Strike
1-2: Ball
2-2: Foul Ball, location: 2F
2-2: Ball
3-2: Fly out, F8 (Flyball, 8LD)
Bottom of the 9th over - 2 run(s), 1 hit(s), 0 error(s), 0 left on base; Chula Vista 11 - Eau Claire 4
This league is powered by Out of the Park Baseball, the baseball management simulation game for PC, Mac and Linux
Tuesday, August 2nd, 2016 - OOTP Baseball 16.8 Build 38